 Dungeon Crawl Stone Soup version 0.25-a0-731-g0472a16d6a (webtiles) character file.

Game seed: 10532106310147494717, levelgen mode: deterministic

7 MisterFreud the Ducker (level 1, -1/10 HPs)
             Began as a Felid Berserker on Apr 8, 2020.
             Was a Follower of Trog.
             Slain by a jackal (2 damage)
             ... on level 1 of the Dungeon.
             The game lasted 00:00:32 (121 turns).

MisterFreud the Ducker (Felid Berserker)             Turns: 121, Time: 00:00:33

Health: -1/10      AC:  1    Str: 13    XL:     1   Next: 91%
Magic:  2/2        EV: 19    Int:  8    God:    Trog [*.....]
Gold:   9          SH:  0    Dex: 15    Spells: 0/0 levels left
                                        Lives:  0   Deaths: 0

rFire    . . .     SeeInvis +     - Unarmed
rCold    . . .     Gourm    .   (shield unavailable)
rNeg     . . .     Faith    .   (armour unavailable)
rPois    .         Spirit   .   (helmet unavailable)
rElec    .         Reflect  .   (cloak unavailable)
rCorr    .         Harm     .   (gloves unavailable)
MR       .....                  (boots unavailable)
Stlth    ++........             (no amulet)
HPRegen  0.03/turn              (no ring)
MPRegen  0.08/turn              (no ring)

@: berserk cooldown, slowed, slow
A: very small, no armour, no weapons or thrown items, stealth, claws 1, fangs 3,
see invisible, carnivore, speed 1, shaggy fur 1, slow metabolism 1, sharp paws
a: Berserk, Renounce Religion


You were on level 1 of the Dungeon.
You worshipped Trog.
Trog was aware of your devotion.
You were not hungry.

You visited 1 branch of the dungeon, and saw 1 of its levels.

You collected 9 gold pieces.

Inventory:

Jewellery
 b - a cursed ring of positive energy {unknown}
Comestibles
 a - 2 rations


   Skills:
 * Level 3.5 Fighting
 - Level 4.0 Dodging
 - Level 3.0 Unarmed Combat


You couldn't memorise any spells.
You didn't know any spells.
Your spell library was empty.

Dungeon Overview and Level Annotations

Branches:
Dungeon (1/15)

Altars:


Innate Abilities, Weirdness & Mutations

You cannot wear armour.
You are incapable of wielding weapons or throwing items.
Your paws allow you to move quietly. (Stealth)
You have sharp claws.
You have razor-sharp teeth.
You have supernaturally acute eyesight. (SInv)
You are carnivorous and can eat meat at any time.
You cover ground quickly.
You are covered in fur. (AC +1)
You have a slow metabolism.
Your sharp claws are effective at attacking unaware monsters.


Message History

Trog accepts your kill.
Things that are here:
a jackal corpse x2
You feel a strong urge to attack something.
A jackal comes into view.
Things that are here:
a jackal corpse x2
Butcher a jackal corpse? [(y)es/(n)o/(a)ll/(q)uit/?]
Butcher a jackal corpse? [(y)es/(n)o/(a)ll/(q)uit/?]
There isn't anything else to butcher here.
Unknown command.
You feel your anger nearly subside.
You are no longer berserk.
You are exhausted.
You feel yourself slow down. The jackal closely misses you.
You barely miss the jackal. The jackal bites you. The jackal misses you.
You closely miss the jackal. The jackal bites you.
* * * LOW HITPOINT WARNING * * *
The jackal bites you.
You die...

######### #.
#.......### #.
#.........# #.
#.........# #.
#.........####### #.
#..)......##...)) #.
####......##.♣♣♣)
###.######.........♣♣.(
#...)h@............PPP÷
#.#.#########..........
#. #......♣.P♣ #.
#.......### #.
#.......### #.
#.......... #h
##+######## #. ###### #
###....###


You could see a jackal.

Vanquished Creatures
  A hobgoblin (D:1)
  2 jackals (D:1)
  2 kobolds (D:1)
  2 rats (D:1)
7 creatures vanquished.

Notes
Turn   | Place    | Note
-------+----------+-------------------------------------------
     0 | D:1      | MisterFreud the Felid Berserker began the quest for the
                  | Orb.
     0 | D:1      | Reached XP level 1. HP: 10/10 MP: 2/2
   121 | D:1      | Slain by a jackal

Levels and vault maps discovered:
D:1:      minmay_arrival_loop, layout_basic, serial_forest,
          infiniplex_forest_end_1, infiniplex_forest_lined_room_2,
          infiniplex_forest_lined_3, infiniplex_forest_corner_1, minmay_tall_x

Action                   || total
-------------------------++-------
Melee: Unarmed           ||    21
Invok: Berserk           ||     1
  Eat: Chunk             ||     1
Dodge: Dodged            ||    14

Table legend:
 A = Non-vault XP
 B = Vault XP
 C = Vault XP percentage of total XP
 D = Non-vault monster count
 E = Vault monster count
 F = Vault count percentage of total count
                 A         B        C        D         E       F
            +---------+---------+-------+---------+---------+-------
      Total |      11 |       0 |   0.0 |       7 |       0 |   0.0
            +---------+---------+-------+---------+---------+-------
        D:1 |      11 |       0 |   0.0 |       7 |       0 |   0.0
            +---------+---------+-------+---------+---------+-------
